 Dungeon Crawl Stone Soup version 0.28-a0-1616-g050a50673c (webtiles) character file.

Game seed: 354238011312433983

12687 enile the Quickloader (level 11, -2/83 HPs)
             Began as a Gnoll Wanderer on Jan 22, 2022.
             Was a Priest of Fedhas.
             Slain by a cane toad (10 damage)
             ... on level 1 of the Lair of Beasts.
             The game lasted 00:36:42 (17955 turns).

enile the Quickloader (Gnoll Wanderer)             Turns: 17955, Time: 00:36:43

Health: -2/83      AC: 19    Str: 15    XL:     11   Next: 97%
Magic:  18/21      EV:  9    Int: 11    God:    Fedhas [***...]
Gold:   737        SH:  0    Dex: 13    Spells: 23/23 levels left

rFire   . . .      SeeInvis .   h - +4 morningstar
rCold   . . .      Faith    .   (no shield)
rNeg    . . .      Spirit   .   p - +1 chain mail
rPois   .          Reflect  .   (no helmet)
rElec   .          Harm     .   (no cloak)
rCorr   .          Rampage  .   (no gloves)
Will    .....                   (no boots)
Stlth   ..........              (no amulet)
HPRegen 0.23/turn               u - +4 ring of protection
MPRegen 0.17/turn               y - +4 ring of protection

@: lethally poisoned (-2 -> -13)
A: fangs 1, strong nose, distributed training
a: Renounce Religion, Wall of Briars, Grow Ballistomycete


You were on level 1 of the Lair of Beasts.
You worshipped Fedhas.
Fedhas was most pleased with you.
You visited 2 branches of the dungeon, and saw 13 of its levels.

You collected 1017 gold pieces.
You spent 280 gold pieces at shops.

Inventory:

Hand Weapons
 a - a +2 hand crossbow
 f - a +1 vampiric battleaxe
 h - a +4 morningstar (weapon)
 i - a -3 short sword
 k - a +4 short sword of holy wrath
 q - a +2 hand axe of venom
 r - a +1 short sword of freezing
 A - a +1 whip of distortion
 D - a +5 battleaxe
 J - a +0 double sword
 K - a +0 antimagic long sword
 N - a +4 flail
 O - a +3 falchion
Missiles
 b - 98 bolts
 d - 220 arrows
 v - 8 poisoned darts (quivered)
 F - 5 javelins
Armour
 e - a +0 scale mail
 p - a +1 chain mail (worn)
 W - an orb of light
Magical Staves
 C - a staff of earth
Jewellery
 n - a ring of ice
 t - an amulet of faith
 u - a +4 ring of protection (left hand)
 x - a ring of willpower
 y - a +4 ring of protection (right hand)
 E - a ring of positive energy
 M - a +6 ring of dexterity
Wands
 B - a wand of charming (4)
 I - a wand of paralysis (14)
 L - a wand of mindburst (1)
 R - a wand of iceblast (2)
Scrolls
 g - 6 scrolls of vulnerability
 l - 2 scrolls of holy word
 o - a scroll of fog
 s - 3 scrolls of immolation
 w - 2 scrolls of amnesia
 G - 2 scrolls of noise
 V - 2 scrolls of identify
 X - a scroll of teleportation
 Y - 2 scrolls of enchant armour
Potions
 j - 2 potions of flight
 m - a potion of curing
 z - 3 potions of lignification
 H - 2 potions of brilliance
 P - 3 potions of degeneration
 S - a potion of might
 T - a potion of attraction
 U - a potion of mutation
 Z - 2 potions of berserk rage {unknown}
Miscellaneous
 c - a tin of tremorstones (inert)


   Skills:
 + Level 6.8 Fighting
 + Level 6.8 Short Blades
 + Level 6.8 Long Blades
 + Level 6.8 Axes
 + Level 6.8 Maces & Flails
 + Level 6.8 Polearms
 + Level 6.8 Staves
 + Level 6.8 Slings
 + Level 8.3 Bows
 + Level 12.3 Crossbows
 + Level 6.8 Throwing
 + Level 7.3 Armour
 + Level 6.8 Dodging
 + Level 6.8 Stealth
 + Level 6.8 Shields
 + Level 6.8 Unarmed Combat
 + Level 6.8 Spellcasting
 + Level 5.6 Conjurations
 + Level 5.6 Hexes
 + Level 5.6 Summonings
 + Level 5.6 Necromancy
 + Level 5.6 Translocations
 + Level 5.6 Transmutations
 + Level 5.6 Fire Magic
 + Level 5.6 Ice Magic
 + Level 5.6 Air Magic
 + Level 5.6 Earth Magic
 + Level 5.6 Poison Magic
 + Level 7.9 Invocations
 + Level 7.3 Evocations


You had 23 spell levels left.
You didn't know any spells.
Your spell library contained the following spells:

 Spells                   Type           Power      Damage    Failure   Level
 Apportation              Tloc           32%        N/A       26%         1
 Sting                    Tmut/Pois      64%        1d6       26%         1
 Blink                    Tloc           32%        N/A       36%         2
 Poisonous Vapours        Pois/Air       32%        N/A       36%         2
 Dazzling Flash           Conj/Hex       32%        N/A       61%         3
 Ozocubu's Armour         Ice            16%        N/A       61%         3
 Summon Guardian Golem    Hex/Summ       16%        N/A       61%         3
 Iskenderun's Mystic Bla  Conj/Tloc      16%        2d5       95%         4
 Olgreb's Toxic Radiance  Pois           16%        N/A       95%         4
 Alistair's Intoxication  Tmut/Pois      10%        N/A       100%        5
 Metabolic Englaciation   Hex/Ice        8%         N/A       100%        5
 Simulacrum               Ice/Necr       8%         N/A       100%        6
 Starburst                Conj/Fire      8%         6d4       100%        6
 Orb of Destruction       Conj           8%         9d6       100%        7
 Spellforged Servitor     Conj/Summ      8%         N/A       100%        7


Dungeon Overview and Level Annotations

Branches:
Dungeon (12/15)            Temple (0/1) D:5            Lair (1/6) D:9
    Orc (0/2) D:11

Altars:
Dithmenos
Fedhas
Nemelex Xobeh
Qazlal
Sif Muna
Trog
Xom
Yredelemnul
Beogh

Shops:
D:7 =*   D:11 ?

Annotations:
D:9 2 transporters, DrKleor's ghost, novice DsFi
D:11 3 runed translucent doors, SirDiesAlot's ghost, journeyman DECj


Innate Abilities, Weirdness & Mutations

You have very sharp teeth.
Your uncanny sense of smell can sniff out nearby items.
Your experience applies equally to all skills.


Message History

Unknown command.
You hit the cane toad.
The cane toad is lightly wounded.
The cane toad stings you but does no damage.
The cane toad barely misses you.
You hit the cane toad.
You punch the cane toad, but do no damage.
Your bite misses the cane toad.
The cane toad is moderately wounded.
The cane toad stings you!
You sock the cane toad!
The cane toad is heavily wounded.
The cane toad closely misses you.
You hit the cane toad.
The cane toad is severely wounded.
The cane toad closely misses you. The cane toad stings you.
You barely miss the cane toad.
The cane toad is severely wounded.
The cane toad barely misses you.
You hit the cane toad but do no damage.
The cane toad is severely wounded.
The cane toad stings you!
You closely miss the cane toad.
The cane toad is severely wounded.
The cane toad stings you! x2
* * * LOW HITPOINT WARNING * * *
You are poisoned.
The cane toad poisons you!
You hit the cane toad.
The cane toad is severely wounded.
* * * LOW HITPOINT WARNING * * *
You feel very sick. The cane toad stings you!
* * * LOW HITPOINT WARNING * * *
A briar patch grows up from the ground. x7
* * * LOW HITPOINT WARNING * * *
You feel very sick. The cane toad stings you!
You die...
Fedhas appreciates your contribution to the ecosystem.

.......
##.......
###....(...
#......(..#
.....(...#
#........#
#PPF.....#
#P@P....#
##PPP....#
#........#
###........#
#.#......)..#
##.........##
#.........#
###..........
#...........#


You could see a cane toad (very poisoned, ally target).

Vanquished Creatures
  A hydra (D:9)
  3 death yaks
  A black mamba (Lair:1)
  A cane toad (Lair:1)
  A gargoyle (D:8)
  2 unseen horrors (D:11)
  A troll (D:10)
  A hornet (D:5)
  2 wraiths
  4 shadows
  5 yaks (D:9)
  6 humans (D:8)
  A steam dragon (D:9)
  3 vampire mosquitoes (D:9)
  A two-headed ogre zombie (D:11)
  2 water moccasins
  4 orc warriors
  A necrophage (D:4)
  A sky beast (D:3)
  4 ogres
  A centaur (D:6)
  A kobold brigand (D:9)
  3 bullfrogs
  A gnoll sergeant (D:5)
  4 scorpions
  A wyvern zombie (D:8)
  3 troll zombies (D:11)
  7 killer bees
  8 wights
  2 centaur zombies
  A bullfrog zombie (D:6)
  A jelly (D:4)
  5 hounds
  A centaur skeleton (D:5)
  11 orc priests
  A bullfrog skeleton (D:6)
  2 gnoll shamans
  An iguana (D:4)
  7 orc wizards
  A scorpion zombie (D:5)
  2 killer bee zombies
  3 ogre zombies (D:11)
  A hound skeleton (D:4)
  3 howler monkey zombies
  10 gnolls
  A howler monkey skeleton (D:5)
  7 adders
  A river rat (D:9)
  2 ufetubi
  An adder skeleton (D:4)
  5 dart slugs
  33 orcs
  6 ball pythons
  8 endoplasms
  3 giant cockroaches
  3 goblins
  8 hobgoblins
  8 jackals
  9 kobolds
  A quokka (D:1)
  7 bats
  7 frilled lizards
  2 hobgoblin skeletons (D:11)
  3 hobgoblin zombies (D:11)
  2 orc skeletons (D:11)
  17 orc zombies (D:11)
  5 rats (D:2)
265 creatures vanquished.

Vanquished Creatures (collateral kills)
  A two-headed ogre (D:8)
  A wraith (D:9)
  A yak (D:9)
  A centaur (D:9)
  4 killer bees
  2 orc wizards
  An ogre zombie (D:11)
  An adder (D:5)
  A dart slug (D:5)
  An orc zombie (D:11)
  31 ballistomycete spores
45 creatures vanquished.

Vanquished Creatures (others)
  Maurice (D:9)
  A ballistomycete spore (D:9)
2 creatures vanquished.

Grand Total: 312 creatures vanquished

Notes
Turn   | Place    | Note
-------+----------+-------------------------------------------
     0 | D:1      | Reached skill level 10 in Crossbows
     0 | D:1      | enile the Gnoll Wanderer began the quest for the Orb.
     0 | D:1      | enile set off with the following items: a +2 hand crossbow,
                  | 29 bolts, a +0 shortbow, 21 arrows, a +0 scale mail
     0 | D:1      | Reached XP level 1. HP: 13/13 MP: 2/2
    99 | D:1      | Reached XP level 2. HP: 19/19 MP: 3/3
   304 | D:1      | Found a faded altar of an unknown god.
   308 | D:1      | Prayed at the altar of an unknown god.
   308 | D:1      | Became a worshipper of Fedhas Madash
   308 | D:1      | Reached * piety under Fedhas
   496 | D:1      | Reached XP level 3. HP: 25/25 MP: 4/4
  1038 | D:2      | Reached ** piety under Fedhas
  1039 | D:2      | Reached skill level 1 in Fighting
  1039 | D:2      | Reached skill level 1 in Short Blades
  1039 | D:2      | Reached skill level 1 in Long Blades
  1039 | D:2      | Reached skill level 1 in Axes
  1039 | D:2      | Reached skill level 1 in Maces & Flails
  1039 | D:2      | Reached skill level 1 in Polearms
  1039 | D:2      | Reached skill level 1 in Staves
  1039 | D:2      | Reached skill level 1 in Slings
  1039 | D:2      | Reached skill level 1 in Throwing
  1039 | D:2      | Reached skill level 1 in Dodging
  1039 | D:2      | Reached skill level 1 in Stealth
  1039 | D:2      | Reached skill level 1 in Shields
  1039 | D:2      | Reached skill level 1 in Unarmed Combat
  1039 | D:2      | Reached skill level 1 in Spellcasting
  1101 | D:2      | Reached XP level 4. HP: 32/32 MP: 6/6
  1528 | D:3      | Noticed a sky beast
  1570 | D:3      | Killed a sky beast
  1571 | D:3      | Reached skill level 1 in Conjurations
  1571 | D:3      | Reached skill level 1 in Hexes
  1571 | D:3      | Reached skill level 1 in Summonings
  1571 | D:3      | Reached skill level 1 in Necromancy
  1571 | D:3      | Reached skill level 1 in Translocations
  1571 | D:3      | Reached skill level 1 in Transmutations
  1571 | D:3      | Reached skill level 1 in Fire Magic
  1571 | D:3      | Reached skill level 1 in Ice Magic
  1571 | D:3      | Reached skill level 1 in Air Magic
  1571 | D:3      | Reached skill level 1 in Earth Magic
  1571 | D:3      | Reached skill level 1 in Poison Magic
  1571 | D:3      | Reached XP level 5. HP: 13/37 MP: 7/7
  2133 | D:3      | Found a basalt altar of Yredelemnul.
  2247 | D:3      | Reached *** piety under Fedhas
  2646 | D:4      | Reached XP level 6. HP: 41/44 MP: 8/8
  2880 | D:4      | Reached skill level 5 in Bows
  2955 | D:4      | Noticed a necrophage
  2963 | D:4      | Killed a necrophage
  2964 | D:4      | Reached XP level 7. HP: 42/50 MP: 10/10
  3332 | D:5      | Entered Level 5 of the Dungeon
  3684 | D:5      | Reached XP level 8. HP: 48/57 MP: 12/12
  3842 | D:5      | Reached **** piety under Fedhas
  3997 | D:5      | Noticed a hornet
  4044 | D:5      | Killed a hornet
  4125 | D:5      | Reached skill level 11 in Crossbows
  4265 | D:5      | Found a staircase to the Ecumenical Temple.
  5017 | D:6      | Reached skill level 5 in Invocations
  5017 | D:6      | Reached XP level 9. HP: 52/65 MP: 14/14
  5815 | D:6      | Found a shadowy altar of Dithmenos.
  6300 | D:7      | Found Iplyblayt's Jewellery Boutique.
  6593 | D:7      | Found a shimmering altar of Xom.
  6597 | D:7      | Found a shimmering altar of Xom.
  6597 | D:7      | Found a shimmering altar of Xom.
  6601 | D:7      | Found a shimmering altar of Xom.
  6633 | D:7      | Found a shimmering blue altar of Sif Muna.
  6648 | D:7      | Got Sif Muna's Incunabulum of Displacement
  6658 | D:7      | Reached skill level 5 in Armour
  6658 | D:7      | Reached skill level 5 in Evocations
  6880 | D:7      | Found a bloodstained altar of Trog.
  7165 | D:7      | Found Rooruan's Lightly-Used Armoury.
  8040 | D:8      | Found a sparkling altar of Nemelex Xobeh.
  8509 | D:8      | Reached XP level 10. HP: 35/73 MP: 17/17
  8883 | D:8      | Noticed a two-headed ogre
  8916 | D:8      | Killed a two-headed ogre
  8917 | D:8      | Reached skill level 5 in Fighting
  8917 | D:8      | Reached skill level 5 in Short Blades
  8917 | D:8      | Reached skill level 5 in Long Blades
  8917 | D:8      | Reached skill level 5 in Axes
  8917 | D:8      | Reached skill level 5 in Maces & Flails
  8917 | D:8      | Reached skill level 5 in Polearms
  8917 | D:8      | Reached skill level 5 in Staves
  8917 | D:8      | Reached skill level 5 in Slings
  8917 | D:8      | Reached skill level 5 in Throwing
  8917 | D:8      | Reached skill level 5 in Dodging
  8917 | D:8      | Reached skill level 5 in Stealth
  8917 | D:8      | Reached skill level 5 in Shields
  8917 | D:8      | Reached skill level 5 in Unarmed Combat
  8917 | D:8      | Reached skill level 5 in Spellcasting
  8924 | D:8      | Noticed a gargoyle
  8940 | D:8      | HP: 4/111 [poisoned by a killer bee]
  8946 | D:8      | Killed a gargoyle
  9751 | D:9      | Noticed a death yak
  9823 | D:8      | Killed a death yak
 10118 | D:9      | Found a stormy altar of Qazlal.
 10470 | D:9      | Noticed a death yak
 10559 | D:9      | Noticed Maurice
 10571 | D:9      | Noticed a death yak
 10589 | D:9      | Your ally Maurice died
 10608 | D:9      | Killed a death yak
 10609 | D:9      | Reached XP level 11. HP: 22/81 MP: 14/19
 10643 | D:9      | Killed a death yak
 10644 | D:9      | Reached skill level 12 in Crossbows
 10644 | D:9      | Reached skill level 5 in Conjurations
 10644 | D:9      | Reached skill level 5 in Hexes
 10644 | D:9      | Reached skill level 5 in Summonings
 10644 | D:9      | Reached skill level 5 in Necromancy
 10644 | D:9      | Reached skill level 5 in Translocations
 10644 | D:9      | Reached skill level 5 in Transmutations
 10644 | D:9      | Reached skill level 5 in Fire Magic
 10644 | D:9      | Reached skill level 5 in Ice Magic
 10644 | D:9      | Reached skill level 5 in Air Magic
 10644 | D:9      | Reached skill level 5 in Earth Magic
 10644 | D:9      | Reached skill level 5 in Poison Magic
 11109 | D:9      | Found a staircase to the Lair.
 11890 | D:9      | Found a transporter.
 11892 | D:9      | Found a transporter.
 11983 | D:9      | Noticed DrKleor's ghost (novice DsFi)
 12188 | D:10     | Entered Level 10 of the Dungeon
 12569 | D:10     | Found a blossoming altar of Fedhas.
 15031 | D:11     | Found a staircase to the Orcish Mines.
 15168 | D:11     | Found Rige's Magic Scroll Shop.
 15289 | D:11     | Bought 2 scrolls of teleportation for 96 gold pieces
 15289 | D:11     | Bought a scroll of enchant armour for 120 gold pieces
 15289 | D:11     | Bought a scroll of identify for 32 gold pieces
 15289 | D:11     | Bought a scroll of identify for 32 gold pieces
 15378 | D:11     | Found a runed translucent gate.
 15378 | D:11     | Found a runed translucent gate.
 15379 | D:11     | Found a runed translucent gate.
 15379 | D:11     | Noticed SirDiesAlot's ghost (journeyman DECj)
 15381 | D:11     | Noticed a catoblepas
 15966 | D:12     | Noticed a boulder beetle
 16032 | Lair:1   | Entered Level 1 of the Lair of Beasts
 16548 | Lair:1   | Noticed a four-headed hydra
 16873 | D:9      | Killed a four-headed hydra
 17090 | Lair:1   | Noticed a six-headed hydra
 17129 | Lair:1   | HP: 4/83 [shot self (5)]
 17955 | Lair:1   | Slain by a cane toad

Illustrated notes

Levels and vault maps discovered:
D:1:      wander_arrival_abandoned_jail, layout_loops_cross,
          ebering_ecumenical_altar_rust
D:2:      layout_basic
D:3:      layout_loops_corners, mainiacjoe_overflow_brackets
D:4:      layout_basic
D:5:      layout_loops_ring, minmay_temple_entry_proselytizer
D:6:      layout_basic, nicolae_dithmenos_through_a_glass_darkly,
          minmay_misc_feat_room, kennysheep_diamond, nrook_uturn
D:7:      layout_basic, nzn_overflow_gifts_of_might_and_magic, xom_redecorated,
          serial_shops, nicolae_shop_hallway_plus, minmay_shop_damaged
D:8:      layout_basic, kennysheep_mini_moat, minmay_ruffians
D:9:      layout_irregular_city, nicolae_qazlal_scattered_showers,
          dpeg_lair_monsters, gammafunk_ghost_hive, minivault_21, uniq_maurice
D:10:     layout_basic, amcnicky_altar_gilded, david_defended_altar_orc
D:11:     layout_roguey, zombieorc2_lemuel, serial_shops, nicolae_shop_stone,
          gammafunk_ghost_split
D:12:     minmay_tearing_corner, layout_basic, special_room [special_room_orc],
          serial_shops, nicolae_shop_waterfront, shop, nicolae_stop_n_shop_2,
          portal_ice_cave_entry_pillars_1, uniq_kirke
Lair:1:   layout_cave_shapes

Skill      XL: |  1  2  3  4  5  6  7  8  9 10 11 |
---------------+----------------------------------+-----
Crossbows      | 11 12 | 12.3
Fighting       | 1 2 3 4 5 6 |  6.8
Short Blades   | 1 2 3 4 5 6 |  6.8
Long Blades    | 1 2 3 4 5 6 |  6.8
Axes           | 1 2 3 4 5 6 |  6.8
Maces & Flails | 1 2 3 4 5 6 |  6.8
Polearms       | 1 2 3 4 5 6 |  6.8
Staves         | 1 2 3 4 5 6 |  6.8
Slings         | 1 2 3 4 5 6 |  6.8
Throwing       | 1 2 3 4 5 6 |  6.8
Dodging        | 1 2 3 4 5 6 |  6.8
Stealth        | 1 2 3 4 5 6 |  6.8
Shields        | 1 2 3 4 5 6 |  6.8
Unarmed Combat | 1 2 3 4 5 6 |  6.8
Spellcasting   | 1 2 3 4 5 6 |  6.8
Armour         | 3 4 5 6 7 |  7.3
Conjurations   | 1 2 3 4 5 |  5.6
Hexes          | 1 2 3 4 5 |  5.6
Summonings     | 1 2 3 4 5 |  5.6
Necromancy     | 1 2 3 4 5 |  5.6
Translocations | 1 2 3 4 5 |  5.6
Transmutations | 1 2 3 4 5 |  5.6
Fire Magic     | 1 2 3 4 5 |  5.6
Ice Magic      | 1 2 3 4 5 |  5.6
Air Magic      | 1 2 3 4 5 |  5.6
Earth Magic    | 1 2 3 4 5 |  5.6
Poison Magic   | 1 2 3 4 5 |  5.6
Invocations    | 3 4 5 6 7 |  7.9
Evocations     | 3 4 5 6 7 |  7.3
Bows           | 5 6 7 8 |  8.3

Action                   |  1- 3 |  4- 6 |  7- 9 | 10-12 || total
-------------------------+-------+-------+-------+-------++-------
Melee: Hand axe          |       |    15 |    30 |       ||    45
       Flail             |       |       |    41 |    14 ||    55
       Battleaxe         |       |       |    16 |   220 ||   236
       Bite              |       |       |     9 |    47 ||    56
       Double sword      |       |       |     5 |       ||     5
       Punch             |       |       |     1 |     2 ||     3
       Morningstar       |       |       |       |    46 ||    46
       Short sword       |       |       |       |     3 ||     3
 Fire: Hand crossbow     |    64 |    95 |   185 |    21 ||   365
Throw: Throwing net      |       |       |     1 |       ||     1
       Javelin           |       |       |    10 |    30 ||    40
       Dart              |       |       |     2 |    10 ||    12
Invok: Grow Ballistomyce |       |       |     2 |    12 ||    14
       Wall of Briars    |       |       |     1 |    13 ||    14
Evoke: Wand              |       |       |     3 |    10 ||    13
       Tin of tremorston |       |       |       |     2 ||     2
  Use: Potion            |       |     1 |     2 |     3 ||     6
       Scroll            |       |       |     1 |    20 ||    21
 Stab: Paralysed         |       |       |     2 |     2 ||     4
Armor: Scale mail        |     6 |    14 |    13 |       ||    33
       Chain mail        |       |       |   116 |   338 ||   454
       Skin              |       |       |       |     2 ||     2
Dodge: Dodged            |    10 |    20 |    87 |   218 ||   335

Table legend: (Time is in decaauts)
 A = Elapsed time spent in this place.
 B = Non-inter-level travel time spent in this place.
 C = Inter-level travel time spent in this place.
 D = Time resting spent in this place.
 E = Time spent auto-exploring this place.
 F = Levels seen in this place.
 G = Mean time per level.
                   A        B        C        D        E       F      G
               +--------+--------+--------+--------+--------+-----+--------+
         Total |  18168 |  17686 |    482 |   2087 |  13000 |  13 | 1397.5 |
       Dungeon |  17275 |  16794 |    481 |   2085 |  12206 |  12 | 1439.6 |
          Lair |    892 |    892 |      0 |      2 |    794 |   1 |  892.0 |
               +--------+--------+--------+--------+--------+-----+--------+

Top non-repeatable levels by time:
     D:9: 4082 daAuts
     D:8: 2621 daAuts
    D:10: 1609 daAuts
     D:7: 1552 daAuts
    D:11: 1496 daAuts
     D:5: 1191 daAuts
     D:3: 1167 daAuts
     D:6: 1113 daAuts
     D:4: 975 daAuts
  Lair:1: 892 daAuts
     D:1: 753 daAuts
     D:2: 700 daAuts
    D:12: 12 daAuts
